Canucks vs Crunch

Created - 1 avril 2024 at 09:07

Goals
1 2 3 OT1 T
Canucks 0 1 0 1 2
Crunch 0 0 1 0 1
Shots
1 2 3 OT1 T
Canucks 9 4 4 4 21
Crunch 7 8 8 0 23

GoalsPenalties
1st period
No Goal
Tim Schaller (TAM) for Hooking (Minor) at 10:18
2nd period
1. Canucks , Jake Lucchini 1 (John Stevens 1, Chris Wagner 1) at 19:04
No Penalty
3rd period
2. Crunch , Mathieu Olivier 1 (David Gustafsson 1) at 3:19 (PP)
John Stevens (VAN) for Interference (Minor) at 3:17
Mathieu Olivier (TAM) for Fighting (Major) at 3:31
Turner Elson (VAN) for Fighting (Major) at 3:31
Mark Pysyk (VAN) for High sticking (Minor) at 3:43
Overtime #1
3. Canucks , Gabriel Dumont 1 (Mark Pysyk 1) at 1:59
No Penalty
Goalie Stats
Michael Hutchinson (VAN), 22 saves from 23 shots - (0,957), W, 1-0-0, 61:59 minutes
Erik Kallgren (TAM), 19 saves from 21 shots - (0,905), OTL, 0-0-1, 61:59 minutes
3 StarsOfficial
1 - Jake Lucchini (VAN)
2 - Michael Hutchinson (VAN)
3 - Gabriel Dumont (VAN)
Referees : Kelly Sutherland and Francis Charron
Linesman : Ryan Daisy and Steve Barton
Game Note
Will Cuylle is injured at 19:43 of 2nd period (Broken Bone (Right Foot))
Mathieu Olivier and Turner Elson fight to a draw at 3:31 of 3rd period



Team Name Goals Shots Shots Attemp Shots Blocked PIM HIT PP PK FO%
Canucks 2213479200 / 1 (0%)166%
Crunch 1234367221 / 2 (50%)034%

Canucks
Player Name POS G A P +/- PIM HIT SHT SB MP PP MP PP SHT PK MP PK SHT FO% FOT GA TA
Adam CracknellC/LW/RW0000032121:541:1211:13070% 2011
Anton BlidhLW/RW0000020118:311:1200:0700% 000
Brogan RaffertyD0001000120:070:4600:3500% 001
Chris WagnerC/RW0111013015:070:0000:0000% 001
Dakota MermisD0000000015:540:0000:0000% 001
Danny DeKeyserD0001021125:401:1301:2600% 010
Dylan McIlrathD0001001119:520:4600:3500% 000
Gabriel DumontC1011001018:500:4701:080100% 300
Jake LucchiniLW1011026018:190:0000:5000% 000
John StevensC0111210017:330:0000:44075% 400
Mark PysykD0111210021:231:1300:0200% 001
Max WillmanLW0001040015:230:0000:0000% 110
Olivier GalipeauD000001005:420:0000:0700% 000
Olle LycksellRW0001004117:070:4700:0000% 100
Paul LaDueD0000000116:460:0001:1700% 001
Turner ElsonLW0000520018:151:1200:00050% 200
Will CuylleLW0000011010:420:4700:0000% 100
Will LockwoodRW0000002010:460:0000:0000% 010
Crunch
Player Name POS G A P +/- PIM HIT SHT SB MP PP MP PP SHT PK MP PK SHT FO% FOT GA TA
Ben MeyersC/LW000-1012019:240:4700:0200% 001
Benoit-Olivier GroulxC000-101019:200:4700:0000% 110
Callahan BurkeC/RW000-1012016:170:2500:0000% 110
Daemon HuntD0000002021:020:3600:0000% 000
David GustafssonC/LW0110010123:101:1400:46047% 1700
Dennis CholowskiD000-2011224:031:2301:3300% 010
Garrett PilonC000000007:060:0000:5400% 000
Jake LeschyshynC000-1034019:520:4700:22033% 600
Jordan GrossD000-2001027:111:2511:0400% 010
Liam FoudyC/LW0000035022:071:1410:4700% 220
Mathieu OlivierRW1010523120:160:0211:0700% 001
Mattias NorlinderD0000011020:120:0000:5500% 001
Nick SwaneyRW000-1022019:140:4700:0000% 000
Nicolas BeaudinD000001002:350:0000:0000% 000
Taylor FedunD0000010115:480:3800:2600% 001
Tim SchallerLW000-1220014:470:0000:0000% 100
Xavier SimoneauC0000010012:010:0000:00025% 400
Yan KuznetsovD0000010013:290:0000:0000% 000

Canucks

5 vs 5 Forward
Line #Left WingCenterRight WingPHYDFOFWanted %Time %Time Play
1Turner ElsonAdam CracknellAnton Blidh1224028%15:59
2Will CuylleGabriel DumontOlle Lycksell1223033%18:59
3Jake LucchiniJohn StevensChris Wagner1222022%12:40
4Max WillmanAdam CracknellWill Lockwood1221018%10:21
5 vs 5 Defense
Line #DefenseDefensePHYDFOFWanted %Time %Time Play
1Danny DeKeyserMark Pysyk1224036%20:37
2Brogan RaffertyDylan McIlrath1223031%18:07
3Dakota MermisPaul LaDue1222025%14:19
4Olivier GalipeauDanny DeKeyser122109%4:56
Power Play Forward
Line #Left WingCenterRight WingPHYDFOFWanted %Time %Time Play
1Turner ElsonAdam CracknellAnton Blidh1226061%1:12
2Will CuylleGabriel DumontOlle Lycksell1224039%0:47
Power Play Defense
Line #DefenseDefensePHYDFOFWanted %Time %Time Play
1Danny DeKeyserMark Pysyk1226061%1:13
2Brogan RaffertyDylan McIlrath1224039%0:46
Penalty Kill 4 Players Forward
Line #CenterWingPHYDFOFWanted %Time %Time Play
1Adam CracknellGabriel Dumont1226066%1:20
2Turner ElsonWill Cuylle1224034%0:41
Penalty Kill 4 Players Defense
Line #DefenseDefensePHYDFOFWanted %Time %Time Play
1Danny DeKeyserMark Pysyk1226071%1:26
2Brogan RaffertyDylan McIlrath1224029%0:35
Penalty Kill 3 Players
Line #WingPHYDFOFWanted %Time %Time PlayDefenseDefensePHYDFOFWanted %Time %Time Play
1Adam Cracknell122600%0:00 Danny DeKeyserMark Pysyk122600%0:00
2Gabriel Dumont122400%0:00 Brogan RaffertyDylan McIlrath122400%0:00
4 vs 4 Forward
Line #CenterWingPHYDFOFWanted %Time %Time Play
1Adam CracknellGabriel Dumont122600%0:00
2Turner ElsonWill Cuylle122400%0:00
4 vs 4 Defense
Line #DefensePHYDFOFWanted %Time %Time Play
1Danny DeKeyserMark Pysyk122600%0:00
2Brogan RaffertyDylan McIlrath122400%0:00
Last Minutes Offensive
Left WingCenterRight WingDefenseDefense
Turner ElsonAdam CracknellAnton BlidhDanny DeKeyserMark Pysyk
Last Minutes Defensive
Left WingCenterRight WingDefenseDefense
Turner ElsonAdam CracknellAnton BlidhDanny DeKeyserMark Pysyk
Time
Total ForwardTotal DefenseLast Minutes OffensiveLast Minutes Defensive
61:59 61:59 0:000:00
Extra Forwards
Normal PowerPlayPenalty Kill
Jake Lucchini, Max Willman, John StevensJake Lucchini, Max WillmanJohn Stevens
Extra Defensemen
Normal PowerPlayPenalty Kill
Dakota Mermis, Paul LaDue, Olivier GalipeauDakota Mermis, Paul LaDueOlivier Galipeau
Penalty Shots
Adam Cracknell, Gabriel Dumont, Turner Elson, Will Cuylle, Jake Lucchini
Goalie
Michael Hutchinson, Calvin Pickard
Scratches
Brayden Burke (Healthy), Brett Gallant (Healthy), Travis Barron (Healthy), Carson Gicewicz (Healthy), Dawson Barteaux (Healthy) Olivier LeBlanc (Healthy), Brenden Miller (Healthy), Connor Ford (Healthy), Oliver Chau (Healthy), Max Ellis (Healthy) Oliver Cooper (Healthy), Zane McIntyre (Healthy), Cale Morris (Healthy), Tyler Parks (Healthy)

Crunch

5 vs 5 Forward
Line #Left WingCenterRight WingPHYDFOFWanted %Time %Time Play
1Liam FoudyDavid GustafssonMathieu Olivier1224023%13:05
2Ben MeyersJake LeschyshynNick Swaney1223035%20:02
3Tim SchallerCallahan BurkeDavid Gustafsson1222022%12:51
4Mathieu OlivierXavier SimoneauLiam Foudy1131021%12:01
5 vs 5 Defense
Line #DefenseDefensePHYDFOFWanted %Time %Time Play
1Jordan GrossDennis Cholowski1224033%18:54
2Taylor FedunJordan Gross1223028%16:01
3Daemon HuntMattias Norlinder1222032%18:25
4Yan KuznetsovJordan Gross122108%4:39
Power Play Forward
Line #Left WingCenterRight WingPHYDFOFWanted %Time %Time Play
1Liam FoudyDavid GustafssonMathieu Olivier1226061%1:14
2Ben MeyersJake LeschyshynNick Swaney1224039%0:47
Power Play Defense
Line #DefenseDefensePHYDFOFWanted %Time %Time Play
1Jordan GrossDennis Cholowski1226069%1:23
2Taylor FedunJordan Gross1224031%0:38
Penalty Kill 4 Players Forward
Line #CenterWingPHYDFOFWanted %Time %Time Play
1David GustafssonMathieu Olivier1226082%1:37
2Liam FoudyJake Leschyshyn1224018%0:22
Penalty Kill 4 Players Defense
Line #DefenseDefensePHYDFOFWanted %Time %Time Play
1Jordan GrossDennis Cholowski1226078%1:33
2Taylor FedunJordan Gross1224022%0:26
Penalty Kill 3 Players
Line #WingPHYDFOFWanted %Time %Time PlayDefenseDefensePHYDFOFWanted %Time %Time Play
1David Gustafsson122600%0:00 Jordan GrossDennis Cholowski122600%0:00
2Mathieu Olivier122400%0:00 Taylor FedunDennis Cholowski122400%0:00
4 vs 4 Forward
Line #CenterWingPHYDFOFWanted %Time %Time Play
1David GustafssonMathieu Olivier122600%0:00
2Liam FoudyJake Leschyshyn122400%0:00
4 vs 4 Defense
Line #DefensePHYDFOFWanted %Time %Time Play
1Jordan GrossDennis Cholowski122600%0:00
2Taylor FedunJordan Gross122400%0:00
Last Minutes Offensive
Left WingCenterRight WingDefenseDefense
Liam FoudyDavid GustafssonMathieu OlivierJordan GrossDennis Cholowski
Last Minutes Defensive
Left WingCenterRight WingDefenseDefense
Liam FoudyDavid GustafssonMathieu OlivierJordan GrossDennis Cholowski
Time
Total ForwardTotal DefenseLast Minutes OffensiveLast Minutes Defensive
61:59 61:59 0:000:00
Extra Forwards
Normal PowerPlayPenalty Kill
Benoit-Olivier Groulx, Callahan Burke, Garrett PilonBenoit-Olivier Groulx, Callahan BurkeGarrett Pilon
Extra Defensemen
Normal PowerPlayPenalty Kill
Daemon Hunt, Mattias Norlinder, Yan KuznetsovDaemon Hunt, Mattias NorlinderYan Kuznetsov
Penalty Shots
David Gustafsson, Mathieu Olivier, Liam Foudy, Jake Leschyshyn, Ben Meyers
Goalie
Erik Kallgren, Garret Sparks
Scratches
Tyrell Goulbourne (Healthy), Stelio Mattheos (Healthy), Alex Whelan (Healthy), Carson Meyer (Healthy), Jerad Rosburg (Healthy) Tyce Thompson (Healthy), Mike Robinson (Healthy)


Play-by-Play

1st period


0:01 of 1st period - David Gustafsson wins face-off versus Turner Elson in neutral zone.
0:06 of 1st period - Snap shot by Mathieu Olivier.
0:06 of 1st period - Shot Misses the Net.
0:37 of 1st period - Wrist shot by Jake Leschyshyn.
0:37 of 1st period - Stopped by Michael Hutchinson without a rebound.
0:38 of 1st period - John Stevens wins face-off versus Tim Schaller in Canucks zone.
0:43 of 1st period - Snap shot by Jake Lucchini.
0:43 of 1st period - Stopped by Erik Kallgren with a rebound.
1:03 of 1st period - Max Willman is hit by Liam Foudy and loses puck.
1:26 of 1st period - Snap shot by Jake Leschyshyn.
1:26 of 1st period - Stopped by Michael Hutchinson with a rebound.
1:46 of 1st period - Brogan Rafferty is hit by Yan Kuznetsov and loses puck.
2:11 of 1st period - Dylan McIlrath is hit by Xavier Simoneau and loses puck.
2:40 of 1st period - Snap shot by Gabriel Dumont.
2:40 of 1st period - Shot Blocked by Mathieu Olivier.
2:42 of 1st period - Snap shot by Will Lockwood.
2:42 of 1st period - Shot Blocked by Dennis Cholowski.
3:12 of 1st period - Snap shot by Adam Cracknell.
3:12 of 1st period - Deflect By Jake Lucchini.
3:12 of 1st period - Stopped by Erik Kallgren with a rebound.
3:23 of 1st period - Off-side.
3:24 of 1st period - Jake Leschyshyn wins face-off versus Max Willman in neutral zone.
3:39 of 1st period - Jake Leschyshyn is hit by Max Willman and loses puck.
3:56 of 1st period - Snap shot by Mathieu Olivier.
3:56 of 1st period - Stopped by Michael Hutchinson without a rebound.
3:57 of 1st period - Gabriel Dumont wins face-off versus David Gustafsson in Canucks zone.
4:04 of 1st period - Wrist shot by Liam Foudy.
4:04 of 1st period - Stopped by Michael Hutchinson with a rebound.
4:06 of 1st period - Snap shot by Liam Foudy.
4:06 of 1st period - Shot Blocked by Dylan McIlrath.
4:25 of 1st period - Slapshot by Nick Swaney.
4:25 of 1st period - Stopped by Michael Hutchinson without a rebound.
4:26 of 1st period - Turner Elson wins face-off versus David Gustafsson in Canucks zone.
4:51 of 1st period - Wrist shot by Ben Meyers.
4:51 of 1st period - Shot Misses the Net.
5:13 of 1st period - Snap shot by Callahan Burke.
5:13 of 1st period - Stopped by Michael Hutchinson with a rebound.
5:15 of 1st period - Slapshot by David Gustafsson.
5:15 of 1st period - Shot Misses the Net.
5:17 of 1st period - Backhand shot by Callahan Burke.
5:17 of 1st period - Stopped by Michael Hutchinson without a rebound.
5:18 of 1st period - Adam Cracknell wins face-off versus Xavier Simoneau in Canucks zone.
5:27 of 1st period - Wrist shot by Mathieu Olivier.
5:27 of 1st period - Shot Misses the Net.
5:52 of 1st period - Olle Lycksell is hit by Nick Swaney and loses puck.
6:11 of 1st period - Snap shot by Jake Lucchini.
6:11 of 1st period - Stopped by Erik Kallgren with a rebound.
6:27 of 1st period - Dylan McIlrath is hit by Mathieu Olivier and loses puck.
6:46 of 1st period - Slapshot by Will Cuylle.
6:46 of 1st period - Stopped by Erik Kallgren with a rebound.
7:16 of 1st period - Snap shot by Ben Meyers.
7:16 of 1st period - Shot Misses the Net.
7:44 of 1st period - Wrist shot by Olle Lycksell.
7:44 of 1st period - Shot Misses the Net.
7:46 of 1st period - Wrist shot by Olle Lycksell.
7:46 of 1st period - Stopped by Erik Kallgren with a rebound.
8:12 of 1st period - Nick Swaney is hit by Will Cuylle and loses puck.
8:45 of 1st period - Snap shot by Will Lockwood.
8:45 of 1st period - Stopped by Erik Kallgren with a rebound.
9:25 of 1st period - Icing by David Gustafsson.
9:26 of 1st period - Jake Leschyshyn wins face-off versus Will Cuylle in Crunch zone.
9:41 of 1st period - Snap shot by Chris Wagner.
9:41 of 1st period - Stopped by Erik Kallgren without a rebound.
9:42 of 1st period - John Stevens wins face-off versus Callahan Burke in Crunch zone.
9:55 of 1st period - David Gustafsson is hit by Chris Wagner and loses puck.
10:16 of 1st period - Snap shot by Jake Lucchini.
10:16 of 1st period - Stopped by Erik Kallgren with a rebound.
10:18 of 1st period - Minor Penalty to Tim Schaller for Hooking.
10:19 of 1st period - Adam Cracknell wins face-off versus David Gustafsson in Crunch zone.
10:30 of 1st period - Snap shot by Adam Cracknell.
10:30 of 1st period - Stopped by Erik Kallgren without a rebound.
10:31 of 1st period - Adam Cracknell wins face-off versus David Gustafsson in Crunch zone.
10:32 of 1st period - Wrist shot by Turner Elson.
10:32 of 1st period - Shot Misses the Net.
11:08 of 1st period - Mark Pysyk is hit by Jake Leschyshyn and loses puck.
12:18 of 1st period - Penalty to Tim Schaller is over, Tim Schaller is back on ice.
12:47 of 1st period - Adam Cracknell is hit by Tim Schaller.
13:13 of 1st period - Jake Lucchini is hit by Callahan Burke and loses puck.
15:03 of 1st period - Tim Schaller is hit by Adam Cracknell and loses puck.
15:22 of 1st period - Jake Leschyshyn is hit by Jake Lucchini and loses puck.
17:03 of 1st period - Liam Foudy is hit by Adam Cracknell and loses puck.
17:41 of 1st period - Mattias Norlinder is hit by Max Willman and loses puck.
18:34 of 1st period - Mathieu Olivier is hit by Anton Blidh.
18:44 of 1st period - Dakota Mermis is hit by Dennis Cholowski and loses puck.
Goals for this period are 0 for Canucks vs 0 for Crunch.
Shots for this period are 9 for Canucks vs 7 for Crunch.

2nd period


0:01 of 2nd period - David Gustafsson wins face-off versus Adam Cracknell in neutral zone.
1:12 of 2nd period - Snap shot by Will Lockwood.
1:12 of 2nd period - Stopped by Erik Kallgren without a rebound.
1:13 of 2nd period - Adam Cracknell wins face-off versus Xavier Simoneau in Crunch zone.
1:14 of 2nd period - Wrist shot by Max Willman.
1:14 of 2nd period - Shot Blocked by Taylor Fedun.
1:58 of 2nd period - Mattias Norlinder is hit by Max Willman and loses puck.
3:02 of 2nd period - Snap shot by Ben Meyers.
3:02 of 2nd period - Stopped by Michael Hutchinson with a rebound.
3:04 of 2nd period - Backhand shot by Mattias Norlinder.
3:04 of 2nd period - Shot Blocked by Brogan Rafferty.
3:06 of 2nd period - Snap shot by Ben Meyers.
3:06 of 2nd period - Stopped by Michael Hutchinson with a rebound.
3:08 of 2nd period - Snap shot by Jake Leschyshyn.
3:08 of 2nd period - Shot Misses the Net.
3:10 of 2nd period - Slapshot by Daemon Hunt.
3:10 of 2nd period - Stopped by Michael Hutchinson with a rebound.
3:12 of 2nd period - Snap shot by Nick Swaney.
3:12 of 2nd period - Stopped by Michael Hutchinson with a rebound.
3:14 of 2nd period - Wrist shot by Mattias Norlinder.
3:14 of 2nd period - Shot Misses the Net.
3:16 of 2nd period - Slapshot by Daemon Hunt.
3:16 of 2nd period - Stopped by Michael Hutchinson without a rebound.
3:17 of 2nd period - David Gustafsson wins face-off versus Olle Lycksell in Canucks zone.
3:43 of 2nd period - David Gustafsson is hit by Danny DeKeyser and loses puck.
8:03 of 2nd period - Mathieu Olivier is hit by Turner Elson and loses puck.
8:58 of 2nd period - Anton Blidh is hit by Benoit-Olivier Groulx.
11:47 of 2nd period - Taylor Fedun is hit by Adam Cracknell and loses puck.
14:05 of 2nd period - Taylor Fedun is hit by Turner Elson and loses puck.
15:43 of 2nd period - Gabriel Dumont is hit by Tim Schaller and loses puck.
16:50 of 2nd period - Icing by Dakota Mermis.
16:51 of 2nd period - Gabriel Dumont wins face-off versus Xavier Simoneau in Canucks zone.
16:51 of 2nd period - Gabriel Dumont is hit by Nicolas Beaudin.
17:34 of 2nd period - Slapshot by John Stevens.
17:34 of 2nd period - Shot Misses the Net.
17:58 of 2nd period - Snap shot by Olle Lycksell.
17:58 of 2nd period - Stopped by Erik Kallgren without a rebound.
17:59 of 2nd period - John Stevens wins face-off versus David Gustafsson in Crunch zone.
18:48 of 2nd period - Slapshot by Dennis Cholowski.
18:48 of 2nd period - Shot Misses the Net.
19:04 of 2nd period - Wrist shot by Jake Lucchini.
19:04 of 2nd period - Goal by Jake Lucchini - Canucks : 1 - Crunch : 0.
19:05 of 2nd period - Adam Cracknell wins face-off versus Jake Leschyshyn in neutral zone.
19:12 of 2nd period - Slapshot by Mattias Norlinder.
19:12 of 2nd period - Deflect By Anton Blidh.
19:12 of 2nd period - Stopped by Michael Hutchinson with a rebound.
19:14 of 2nd period - Snap shot by Jake Leschyshyn.
19:14 of 2nd period - Stopped by Michael Hutchinson with a rebound.
19:16 of 2nd period - Snap shot by Mattias Norlinder.
19:16 of 2nd period - Deflect By Nick Swaney.
19:16 of 2nd period - Shot Blocked by Anton Blidh.
19:16 of 2nd period - Puck is out of play.
19:17 of 2nd period - Adam Cracknell wins face-off versus Liam Foudy in Canucks zone.
19:26 of 2nd period - Snap shot by Adam Cracknell.
19:26 of 2nd period - Stopped by Erik Kallgren with a rebound.
19:42 of 2nd period - Will Cuylle is hit by Ben Meyers and loses puck.
19:43 of 2nd period - Will Cuylle from Canucks is injured at 19:43 of 2nd period (Broken Bone (Right Foot)).
19:44 of 2nd period - David Gustafsson wins face-off versus Adam Cracknell in Canucks zone.
19:49 of 2nd period - Wrist shot by Mathieu Olivier.
19:49 of 2nd period - Stopped by Michael Hutchinson without a rebound.
19:50 of 2nd period - Adam Cracknell wins face-off versus David Gustafsson in Canucks zone.
19:50 of 2nd period - Adam Cracknell is hit by Liam Foudy.
Goals for this period are 1 for Canucks vs 0 for Crunch.
Shots for this period are 4 for Canucks vs 8 for Crunch.

3rd period


0:01 of 3rd period - Adam Cracknell wins face-off versus David Gustafsson in neutral zone.
0:27 of 3rd period - Snap shot by Olle Lycksell.
0:27 of 3rd period - Stopped by Erik Kallgren with a rebound.
0:29 of 3rd period - Slapshot by Jake Lucchini.
0:29 of 3rd period - Shot Misses the Net.
0:31 of 3rd period - Wrist shot by Olle Lycksell.
0:31 of 3rd period - Stopped by Erik Kallgren with a rebound.
0:33 of 3rd period - Wrist shot by Gabriel Dumont.
0:33 of 3rd period - Shot Blocked by Dennis Cholowski.
0:35 of 3rd period - Slapshot by Dylan McIlrath.
0:35 of 3rd period - Stopped by Erik Kallgren with a rebound.
2:01 of 3rd period - Adam Cracknell is hit by Mattias Norlinder and loses puck.
3:17 of 3rd period - Minor Penalty to John Stevens for Interference.
3:18 of 3rd period - David Gustafsson wins face-off versus Adam Cracknell in Canucks zone.
3:19 of 3rd period - Snap shot by Mathieu Olivier.
3:19 of 3rd period - Goal by Mathieu Olivier - Canucks : 1 - Crunch : 1.
3:20 of 3rd period - Adam Cracknell wins face-off versus David Gustafsson in neutral zone.
3:28 of 3rd period - Snap shot by Anton Blidh.
3:28 of 3rd period - Shot Blocked by David Gustafsson.
3:31 of 3rd period - Mathieu Olivier and Turner Elson fight to a draw.
3:31 of 3rd period - Penalty to Mathieu Olivier for Fighting.
3:31 of 3rd period - Penalty to Turner Elson for Fighting.
3:32 of 3rd period - David Gustafsson wins face-off versus Adam Cracknell in Crunch zone.
3:32 of 3rd period - David Gustafsson is hit by Mark Pysyk.
3:43 of 3rd period - Minor Penalty to Mark Pysyk for High sticking.
3:44 of 3rd period - David Gustafsson wins face-off versus Adam Cracknell in Canucks zone.
3:44 of 3rd period - Snap shot by Liam Foudy.
3:44 of 3rd period - Shot Misses the Net.
3:46 of 3rd period - Snap shot by Dennis Cholowski.
3:46 of 3rd period - Shot Blocked by Adam Cracknell.
3:48 of 3rd period - Slapshot by Dennis Cholowski.
3:48 of 3rd period - Deflect By Liam Foudy.
3:48 of 3rd period - Stopped by Michael Hutchinson with a rebound.
3:50 of 3rd period - Snap shot by Jordan Gross.
3:50 of 3rd period - Stopped by Michael Hutchinson with a rebound.
4:12 of 3rd period - Wrist shot by Dennis Cholowski.
4:12 of 3rd period - Deflect By David Gustafsson.
4:12 of 3rd period - Shot Misses the Net.
4:12 of 3rd period - Puck is out of play.
4:13 of 3rd period - Adam Cracknell wins face-off versus Jake Leschyshyn in Canucks zone.
4:39 of 3rd period - Brogan Rafferty is hit by Liam Foudy and loses puck.
5:41 of 3rd period - Adam Cracknell is hit by Nick Swaney and loses puck.
5:43 of 3rd period - Penalty to Mark Pysyk is over, Mark Pysyk is back on ice.
5:58 of 3rd period - Wrist shot by Mark Pysyk.
5:58 of 3rd period - Shot Blocked by Benoit-Olivier Groulx.
6:52 of 3rd period - Callahan Burke is hit by John Stevens and loses puck.
7:19 of 3rd period - Chris Wagner is hit by Taylor Fedun and loses puck.
7:29 of 3rd period - Icing by Dakota Mermis.
7:30 of 3rd period - David Gustafsson wins face-off versus Adam Cracknell in Canucks zone.
7:39 of 3rd period - Paul LaDue is hit by Jake Leschyshyn and loses puck.
8:11 of 3rd period - Ben Meyers is hit by Anton Blidh and loses puck.
9:21 of 3rd period - Dakota Mermis is hit by Mathieu Olivier and loses puck.
10:09 of 3rd period - Snap shot by Jake Leschyshyn.
10:09 of 3rd period - Deflect By Xavier Simoneau.
10:09 of 3rd period - Shot Misses the Net.
10:09 of 3rd period - Puck is out of play.
10:10 of 3rd period - Xavier Simoneau wins face-off versus John Stevens in Canucks zone.
10:11 of 3rd period - Slapshot by Liam Foudy.
10:11 of 3rd period - Stopped by Michael Hutchinson with a rebound.
10:13 of 3rd period - Slapshot by Dennis Cholowski.
10:13 of 3rd period - Stopped by Michael Hutchinson with a rebound.
10:15 of 3rd period - Wrist shot by Liam Foudy.
10:15 of 3rd period - Stopped by Michael Hutchinson with a rebound.
10:17 of 3rd period - Snap shot by Liam Foudy.
10:17 of 3rd period - Shot Blocked by Paul LaDue.
10:19 of 3rd period - Snap shot by Xavier Simoneau.
10:19 of 3rd period - Shot Misses the Net.
10:46 of 3rd period - Snap shot by Chris Wagner.
10:46 of 3rd period - Stopped by Erik Kallgren with a rebound.
10:56 of 3rd period - Daemon Hunt is hit by Danny DeKeyser and loses puck.
11:13 of 3rd period - Snap shot by Liam Foudy.
11:13 of 3rd period - Stopped by Michael Hutchinson with a rebound.
12:26 of 3rd period - Snap shot by Jake Leschyshyn.
12:26 of 3rd period - Shot Blocked by Olle Lycksell.
12:50 of 3rd period - Icing by Jake Leschyshyn.
12:51 of 3rd period - Adam Cracknell wins face-off versus Jake Leschyshyn in Crunch zone.
13:00 of 3rd period - Snap shot by Jake Lucchini.
13:00 of 3rd period - Shot Misses the Net.
13:20 of 3rd period - Snap shot by Jake Leschyshyn.
13:20 of 3rd period - Stopped by Michael Hutchinson with a rebound.
13:28 of 3rd period - Snap shot by Nick Swaney.
13:28 of 3rd period - Shot Misses the Net.
14:06 of 3rd period - Olle Lycksell is hit by David Gustafsson and loses puck.
14:25 of 3rd period - Liam Foudy is hit by Max Willman.
14:43 of 3rd period - Dennis Cholowski is hit by Olivier Galipeau and loses puck.
15:35 of 3rd period - Icing by Mathieu Olivier.
15:36 of 3rd period - Adam Cracknell wins face-off versus Jake Leschyshyn in Crunch zone.
16:42 of 3rd period - Dylan McIlrath is hit by Jake Leschyshyn and loses puck.
19:34 of 3rd period - Icing by Liam Foudy.
19:35 of 3rd period - Gabriel Dumont wins face-off versus Benoit-Olivier Groulx in Crunch zone.
Goals for this period are 0 for Canucks vs 1 for Crunch.
Shots for this period are 4 for Canucks vs 8 for Crunch.

Overtime #1


0:01 of 1st overtime period - Adam Cracknell wins face-off versus David Gustafsson in neutral zone.
0:30 of 1st overtime period - Slapshot by Danny DeKeyser.
0:30 of 1st overtime period - Stopped by Erik Kallgren with a rebound.
0:32 of 1st overtime period - Slapshot by Danny DeKeyser.
0:32 of 1st overtime period - Shot Misses the Net.
0:34 of 1st overtime period - Snap shot by Chris Wagner.
0:34 of 1st overtime period - Stopped by Erik Kallgren with a rebound.
0:36 of 1st overtime period - Snap shot by Jake Lucchini.
0:36 of 1st overtime period - Stopped by Erik Kallgren without a rebound.
0:37 of 1st overtime period - Adam Cracknell wins face-off versus Liam Foudy in Crunch zone.
0:40 of 1st overtime period - Snap shot by Turner Elson.
0:40 of 1st overtime period - Shot Misses the Net.
1:28 of 1st overtime period - Slapshot by Callahan Burke.
1:28 of 1st overtime period - Shot Blocked by Danny DeKeyser.
1:42 of 1st overtime period - Mattias Norlinder is hit by Jake Lucchini and loses puck.
1:59 of 1st overtime period - Slapshot by Mark Pysyk.
1:59 of 1st overtime period - Deflect By Gabriel Dumont.
1:59 of 1st overtime period - Goal by Gabriel Dumont - Canucks : 2 - Crunch : 1.
Goals for this period are 1 for Canucks vs 0 for Crunch.
Shots for this period are 4 for Canucks vs 0 for Crunch.